 Dungeon Crawl Stone Soup version 0.31-a0-865-g3d5d91748a (webtiles) character file.

Game seed: 590955690278388199

583 Flugkiller the Chopper (level 7, 39/61 HPs)
             Began as a Purple Draconian Berserker on Oct 10, 2023.
             Was a Believer of Trog.
             Quit the game on level 4 of the Dungeon.
             The game lasted 00:02:07 (3411 turns).

Flugkiller the Chopper (Purple Draconian Berserker) Turns: 3411, Time: 00:02:08

Health: 39/61      AC:  9    Str: 21    XL:     7   Next: 14%
Magic:  7/7        EV: 13    Int:  8    God:    Trog [**....]
Gold:   108        SH:  0    Dex: 10    Spells: 6/6 levels left

rFire   . . .        a - +0 hand axe
rCold   . . .        (no shield)
rNeg    . . .        (body armour unavailable)
rPois   .            (helmet restricted)
rElec   .            (no cloak)
rCorr   .            l - +2 pair of gloves
SInv    .            (no boots)
Will    +....        (no amulet)
Stlth   +            (no ring)
HPRegen 0.30/turn    (no ring)
MPRegen 0.10/turn

%: no passive effects
@: no status effects
A: breathe power, AC +6, unfitting armour, cold-blooded
a: Breathe Dispelling Energy, Renounce Religion, Berserk, Trog's Hand


You were on level 4 of the Dungeon.
You worshipped Trog.
Trog was pleased with you.
You visited 1 branch of the dungeon, and saw 4 of its levels.

You collected 157 gold pieces.
You spent 49 gold pieces at shops.

Inventory:

Hand Weapons
 a - a +0 hand axe (weapon)
Armour
 l - a +2 pair of gloves (worn)
   (You bought it in a shop on level 2 of the Dungeon)
Wands
 o - a wand of acid (9)
   (You found it on level 3 of the Dungeon)
 r - a wand of mindburst (19)
   (You took it off Ijyb on level 4 of the Dungeon)
Scrolls
 b - 3 scrolls of identify {unknown}
 c - a scroll of enchant armour
 f - 2 scrolls of enchant weapon {unknown}
 g - 2 scrolls of poison {unknown}
 h - a scroll of torment {unknown}
 i - a scroll of acquirement {unknown}
 k - a scroll of vulnerability
 n - 2 scrolls of fog {unknown}
 s - 2 scrolls of noise {unknown}
 t - a scroll of teleportation
Potions
 d - 3 potions of curing {unknown}
 e - 3 potions of heal wounds {unknown}
 j - a potion of magic {unknown}
 m - a potion of haste {unknown}
 p - a potion of invisibility {unknown}
 q - a potion of lignification {unknown}


   Skills:
 + Level 5.2 Fighting
 * Level 6.1 Axes
 + Level 4.3 Dodging
 + Level 1.4 Evocations


You had 6 spell levels left.
You didn't know any spells.
Your spell library was empty.

Dungeon Overview and Level Annotations

Branches:
Dungeon (4/15) Zot: 20498
 Temple: D:4-7

Altars:
Nemelex Xobeh

Shops:
D:1 [   D:2 [


Innate Abilities, Weirdness & Mutations

You can breathe bolts of dispelling energy.
Your rich purple scales are hard. (AC +6)
You cannot fit into any form of body armour.
You are cold-blooded and may be slowed by cold attacks.


Message History

You feel yourself speed up.
You start resting.
HP restored.
You see here an iguana corpse.
s - 2 scrolls labelled ATOJONEWOO (gained 1)
You recover from your berserk rage.
Grinder comes into view.
Grinder shouts!
Grinder gestures at you. You resist with significant effort.
Grinder is nearby!
Grinder is nearby!
A red film seems to cover your vision as you go berserk!
You feel yourself moving faster!
You feel mighty! Grinder gestures at you.
You suddenly lose the ability to move!
Grinder hits you but does no damage. x2
Grinder hits you.
You writhe in agony.
Grinder hits you!
You writhe in agony.
You can move again.
You closely miss Grinder. You tail-slap Grinder.
Grinder is lightly wounded.
Grinder gestures at you.
You shrug off the repeated paralysis!
You barely miss Grinder.
Grinder is lightly wounded.
Grinder misses you.
You barely miss Grinder.
Grinder is lightly wounded.
You barely miss Grinder.
Grinder is lightly wounded.
Grinder blinks!
Grinder blinks!
You feel a strong urge to attack something.
You are no longer berserk.
You are exhausted.
You feel yourself slow down.
Grinder blinks!
Unknown command.
You start resting.
You feel yourself speed up.
You start resting.
Grinder is nearby!
Unknown command.
Aiming: Corrosive Bolt
Press: ? - help, Shift-Dir - straight line, f - Grinder
Aim: Grinder (68% to hit)
The bolt of acid hits Grinder!
The acid corrodes Grinder!
Grinder is moderately wounded.
Aiming: Mindburst
Press: ? - help, Shift-Dir - straight line, f/p - Grinder
Aim: Grinder (moderately wounded, covered in acid, chance to affect: 64%) Grinder's mind is blasted!!
Grinder gestures at you. Pain shoots through your body!
Aiming: Mindburst
Press: ? - help, Shift-Dir - straight line, f/p - Grinder
Aim: Grinder (severely wounded, covered in acid, chance to affect: 64%) Grinder struggles to resist.
You barely miss Grinder.
Grinder is severely wounded.
Grinder hits you.
You writhe in agony.
You barely miss Grinder. You tail-slap Grinder.
Grinder is almost dead.
Grinder closely misses you.
You hit Grinder.
Your tail-slap misses Grinder.
Your punch misses Grinder.
Grinder is almost dead.
You recover from your berserk rage.
Grinder hits you.
You writhe in agony.
You are too injured to fight recklessly!
You closely miss Grinder.
Grinder is almost dead.
Grinder gestures at you. You resist with significant effort.
You hit Grinder.
Grinder is almost dead.
Grinder blinks!
Aiming: Mindburst
Press: ? - help, Shift-Dir - straight line, f/p - Grinder
Aim: Grinder (almost dead, covered in acid, chance to affect: 64%) Grinder struggles to resist.
Grinder gestures at you.
You suddenly lose the ability to move!
You can move again.
Aiming: Mindburst
Press: ? - help, Shift-Dir - straight line, f/p - Grinder
Aim: Grinder (almost dead, covered in acid, chance to affect: 64%) Grinder struggles to resist.
Unknown command.
You hit Grinder.
You kill Grinder!
Trog accepts your kill.
Your Fighting skill increases to level 5!
Your Axes skill increases to level 6!
Your Evocations skill increases to level 1!
You have reached level 7!
Your scales start taking on a rich purple colour.
You learn Spellcasting much quicker.
You learn Hexes much quicker.
You learn Evocations quicker.
You can breathe bolts of dispelling energy.
Are you sure you want to abandon this character and quit the game? (Confirm with "yes".)

##########...# #####.####.##
# ################ #........
......##.......### #.####.##
.......#.........# #......#
.......#.........# #.########
.......#.........# #.........
.......#.###.#.### #.########
.......#.###.#.#####.........
#####........#..@....########
########.##..############
.........##............§.
.##########..############
.#.......##..# ..†.........##
###.####.#### # #.# ### # #.#


There were no monsters in sight!

Vanquished Creatures
  Grinder (D:4)
  Crazy Yiuf (D:3)
  A hound (D:3)
  2 iguanas (D:4)
  Ijyb (D:4)
  Natasha (thrice) (D:3)
  An orc wizard (D:4)
  Robin (D:2)
  4 gnolls (D:4)
  3 adders
  4 worms
  2 dart slugs
  7 orcs
  6 endoplasms
  2 giant cockroaches (D:2)
  16 goblins
  4 hobgoblins
  2 quokkas
  5 ball pythons
  3 frilled lizards
  6 kobolds
  A rat (D:1)
76 creatures vanquished.

Notes
Turn   | Place    | Note
-------+----------+-------------------------------------------
     0 | D:1      | Flugkiller the Draconian Berserker began the quest for the
                  | Orb.
     0 | D:1      | Reached XP level 1. HP: 19/19 MP: 1/1
    14 | D:1      | Found a faded altar of an unknown god.
   183 | D:1      | Reached XP level 2. HP: 25/26 MP: 2/2
   266 | D:1      | Found Ifatuing's Antique Armour Shoppe.
   598 | D:2      | Reached XP level 3. HP: 33/33 MP: 3/3
   858 | D:2      | Noticed Robin
   868 | D:2      | Reached ** piety under Trog
   878 | D:2      | Killed Robin
   879 | D:2      | Reached skill level 4 in Axes
   953 | D:2      | Reached XP level 4. HP: 40/40 MP: 4/4
   959 | D:2      | Found Adil's Armour Shop.
  1215 | D:2      | Bought a +0 pair of gloves for 49 gold pieces
  1713 | D:3      | Noticed Natasha
  1722 | D:3      | Killed Natasha
  1795 | D:3      | Reached XP level 5. HP: 45/46 MP: 5/5
  1969 | D:3      | Found a sparkling altar of Nemelex Xobeh.
  2122 | D:3      | Noticed Natasha
  2135 | D:3      | Killed Natasha
  2298 | D:3      | Found a runed translucent door.
  2299 | D:3      | Noticed Crazy Yiuf
  2391 | D:3      | Noticed Natasha
  2402 | D:3      | Killed Natasha
  2469 | D:3      | Killed Crazy Yiuf
  2470 | D:3      | Reached skill level 5 in Axes
  2657 | D:4      | Reached XP level 6. HP: 53/53 MP: 6/6
  3142 | D:4      | Noticed Ijyb
  3155 | D:4      | Killed Ijyb
  3360 | D:4      | Noticed Grinder
  3364 | D:4      | Paralysed by Grinder for 5 turns
  3406 | D:4      | Paralysed by Grinder for 2 turns
  3409 | D:4      | Killed Grinder
  3410 | D:4      | Reached skill level 5 in Fighting
  3410 | D:4      | Reached skill level 6 in Axes
  3410 | D:4      | Reached skill level 1 in Evocations
  3410 | D:4      | Your scales start taking on a rich purple colour.
  3410 | D:4      | Reached XP level 7. HP: 39/61 MP: 7/7
  3411 | D:4      | Quit the game

Illustrated notes

Levels and vault maps discovered:
D:1:      minmay_arrival_four_houses, layout_basic, serial_shops,
          nicolae_shop_pleasant_corner_grove, dreamdust_ecumenical_altar_grove
D:2:      layout_basic, serial_shops, shop, palyth_stone_intersect, uniq_robin
D:3:      layout_loops_ring, nemelex_xobeh_ov_fountains_minmay, uniq_natasha,
          uniq_crazy_yiuf_cottage
D:4:      layout_basic, uniq_grinder, uniq_ijyb

Skill      XL: |  1  2  3  4  5  6 |
---------------+-------------------+-----
Dodging        | 3 4 |  4.3
Axes           | 4 5 6 |  6.1
Fighting       | 4 5 |  5.2
Evocations     | 1 |  1.4

Action                     |  1- 3 |  4- 6 |  7- 9 || total
---------------------------+-------+-------+-------++-------
  Melee: Hand axe          |    99 |   186 |       ||   285
         Tailslap          |     9 |    29 |       ||    38
         Punch             |     2 |     1 |       ||     3
 Invoke: Berserk           |     1 |     7 |       ||     8
  Evoke: Wand              |       |     5 |       ||     5
    Use: Scroll            |       |     4 |       ||     4
   Stab: Sleeping          |     1 |     4 |       ||     5
 Armour: Skin              |    42 |   107 |       ||   149
  Dodge: Dodged            |    47 |   100 |       ||   147

Table legend: (Time is in decaauts)
 A = Elapsed time spent in this place.
 B = Non-inter-level travel time spent in this place.
 C = Inter-level travel time spent in this place.
 D = Time resting spent in this place.
 E = Time spent auto-exploring this place.
 F = Levels seen in this place.
 G = Mean time per level.
                   A        B        C        D        E       F      G
               +--------+--------+--------+--------+--------+-----+--------+
         Total |   3501 |   3282 |    219 |    566 |   2101 |   4 |  875.2 |
       Dungeon |   3501 |   3282 |    219 |    566 |   2101 |   4 |  875.2 |
               +--------+--------+--------+--------+--------+-----+--------+

Top non-repeatable levels by time:
     D:2: 1103 daAuts
     D:3: 1077 daAuts
     D:4: 909 daAuts
     D:1: 411 daAuts
